 Dungeon Crawl Stone Soup version 0.21.1-1-g345015f (webtiles) character file.

254 JeffiDaFish the Digger (level 6, -4/32 HPs)
             Began as a Gargoyle Earth Elementalist on Feb 9, 2018.
             Slain by an orc warrior
             ... wielding a +0 battleaxe
              (19 damage)
             ... on level 3 of the Dungeon.
             The game lasted 00:12:00 (3013 turns).

JeffiDaFish the Digger (GrEE)                       Turns: 3013, Time: 00:12:01

Health: -4/32      AC: 10    Str: 11    XL:     6   Next: 15%
Magic:  1/11       EV: 11    Int: 21    God:
Gold:   226        SH:  4    Dex: 10    Spells: 8/12 levels left

rFire    . . .     SeeInvis .   o - +1 hand axe (elec)
rCold    . . .     Gourm    .   k - +0 buckler (curse)
rNeg     + . .     Faith    .   c - +0 robe
rPois    ∞         Spirit   .   (no helmet)
rElec    +         Reflect  .   p - +0 cloak
rCorr    .         Harm     .   (no gloves)
MR       .....     Clarity  +   j - +2 pair of boots Stlth +++.......Rnd*Tele +
                                (no amulet)
HPRegen  0.10/turn              g - +3 ring of intelligence
MPRegen  0.12/turn              m - ring of stealth

@: very slightly contaminated
A: talons 1, clarity, negative energy resistance 1, screaming 1, electricity
resistance, teleportitis 1, unbreathing, petrification resistance, rot immunity,
AC +4
a: no special abilities


You were on level 3 of the Dungeon.
You were not hungry.

You visited 1 branch of the dungeon, and saw 4 of its levels.

You collected 226 gold pieces.

Inventory:

Hand Weapons
 o - a +1 hand axe of electrocution (weapon)
Missiles
 b - 51 stones (quivered)
Armour
 c - a +0 robe (worn)
 j - a +2 pair of boots (worn)
 k - a cursed +0 buckler (worn)
 p - a +0 cloak (worn)
Jewellery
 g - a +3 ring of intelligence (left hand)
 m - a ring of stealth (right hand)
Scrolls
 f - a scroll of remove curse
 l - 2 scrolls of teleportation
 n - a scroll of blinking
Potions
 a - a potion of berserk rage
 h - 4 potions of agility
Books
 e - a book of Geomancy

   Spells                             Type                      Level
   a - Sandblast                      Earth                        1
   b - Passwall                       Transmutation/Earth          2
   c - Stone Arrow                    Conjuration/Earth            3
   d - Petrify                        Transmutation/Earth          4
   e - Lee's Rapid Deconstruction     Earth                        5
Comestibles
 d - 7 rations


   Skills:
 - Level 1.5 Dodging
 - Level 2.1 Stealth
 * Level 2.5 Shields
 + Level 3.9 Spellcasting
   Level 0.7 Transmutations
 + Level 5.8 Earth Magic


You had 8 spell levels left.
You knew the following spells:

 Your Spells              Type           Power        Failure   Level  Hunger
a - Sandblast             Erth           ####..       1%          1    None
b - Stone Arrow           Conj/Erth      ###...       13%         3    ###....


Dungeon Overview and Level Annotations

Branches:
Dungeon (4/15)
 Temple: D:4-7

Altars:


Innate Abilities, Weirdness & Mutations

You are resistant to torment.
Your stone body is resilient. (AC +4)
You are immune to poison.
You resist negative energy. (rN+)
You are resistant to electric shocks. (rElec)
You can survive without breathing.
You are immune to petrification.
You are immune to rotting.
You have sharp toenails.
You possess an exceptional clarity of mind.
You occasionally shout uncontrollably at your foes.
You are occasionally teleported next to monsters.


Message History

You hit the orc warrior.
The orc warrior is severely wounded.
The orc warrior misses you.
You barely miss the orc warrior.
The orc warrior is severely wounded.
The orc warrior misses you.
You hit the orc warrior but do no damage.
The orc warrior is severely wounded.
The orc warrior closely misses you.
You barely miss the orc warrior.
The orc warrior is severely wounded.
The orc warrior barely misses you.
You hit the orc warrior.
The orc warrior is almost dead.
The orc warrior hits you with a battleaxe.
You closely miss the orc warrior.
The orc warrior is almost dead.
The orc warrior hits you with a battleaxe!!
Ouch! That really hurt!
You die...

######## #......# ######.####.#
#......# #@# ######### #......#
#o#####.......#
#......####.......#####.#
#.....>...........#.....#
##########)............#.##>.# #
.....# ##..(..#.......#.##..# #
.###.####[.....#.......#.##..####
.# #.#.<.....#.#.......).##.)....
.###.#.##(......######.####.#####


You could see an orc warrior.

Vanquished Creatures
  An orc priest (D:4)
  Natasha (twice) (D:4)
  6 adders
  An ooze (D:3)
  2 worms (D:3)
  6 dart slugs
  A leopard gecko (D:3)
  9 orcs
  9 bats
  9 giant cockroaches
  8 goblins
  8 hobgoblins
  3 jackals (D:2)
  2 ball pythons
  A frilled lizard (D:3)
  A jackal skeleton (D:4)
  8 kobolds
  14 rats
91 creatures vanquished.

Notes
Turn   | Place    | Note
-------+----------+-------------------------------------------
     0 | D:1      | JeffiDaFish the Gargoyle Earth Elementalist began the quest for the Orb.
     0 | D:1      | Reached XP level 1. HP: 10/10 MP: 3/3
    96 | D:1      | Reached XP level 2. HP: 15/15 MP: 5/5
   119 | D:1      | Reached skill level 4 in Earth Magic
   563 | D:1      | Reached XP level 3. HP: 18/19 MP: 4/6
   568 | D:1      | Learned a level 3 spell: Stone Arrow
  1335 | D:2      | Reached XP level 4. HP: 18/24 MP: 1/8
  1579 | D:2      | Reached skill level 5 in Earth Magic
  2063 | D:3      | Gained mutation: You are occasionally teleported next to monsters. [potion of mutation]
  2063 | D:3      | Gained mutation: You occasionally shout uncontrollably at your foes. [potion of mutation]
  2063 | D:3      | Gained mutation: You possess an exceptional clarity of mind. [potion of mutation]
  2063 | D:3      | Gained mutation: You have sharp toenails. [potion of mutation]
  2140 | D:3      | Reached XP level 5. HP: 28/28 MP: 3/10
  2466 | D:3      | Reached skill level 1 in Shields
  2688 | D:4      | Noticed Natasha
  2701 | D:4      | Killed Natasha
  2760 | D:4      | Noticed Natasha
  2766 | D:4      | Killed Natasha
  2912 | D:4      | Reached XP level 6. HP: 32/32 MP: 9/11
  2916 | D:4      | Noticed an orc warrior
  3013 | D:3      | Slain by an orc warrior

Skill      XL: |  1  2  3  4  5 |
---------------+----------------+-----
Earth Magic    | 4 5 |  5.8
Spellcasting   | 3 |  3.9
Shields        | 2 |  2.5
Dodging        | |  1.5
Stealth        | |  2.1
Transmutations | |  0.7

Action                   |  1- 3 |  4- 6 || total
-------------------------+-------+-------++-------
Melee: Dagger            |    81 |    47 ||   128
       Hand axe          |       |    45 ||    45
 Cast: Sandblast         |    33 |    38 ||    71
       Stone Arrow       |     2 |    13 ||    15
  Use: Potion            |     7 |     2 ||     9
       Scroll            |     3 |     6 ||     9
 Stab: Sleeping          |     3 |     1 ||     4
  Eat: Chunk             |     2 |     6 ||     8
Armor: Robe              |    38 |    30 ||    68
Dodge: Dodged            |    75 |    65 ||   140
Block: Buckler           |       |    15 ||    15
